 Dungeon Crawl Stone Soup version 0.24-a0-217-g1152973720 (webtiles) character file.

Game seed: 14905807516085474437

3834 Redear the Thaumaturge (level 10, 0/73 HPs)
             Began as a Gnoll Wizard on Mar 30, 2019.
             Was a Follower of Vehumet.
             Slain by a wight
             ... wielding a +5 flail of freezing
              (2 damage)
             ... on level 8 of the Dungeon.
             The game lasted 00:51:14 (9466 turns).

Redear the Thaumaturge (Gnoll Wizard)               Turns: 9466, Time: 00:51:14

Health: 0/73       AC:  2    Str: 11    XL:     10   Next: 18%
Magic:  15/22      EV: 15    Int: 26    God:    Vehumet [*.....]
Gold:   202        SH:  0    Dex: 14    Spells: 11/26 levels left

rFire    + . .     SeeInvis .   s - +7 quarterstaff (chaos)
rCold    + . .     Gourm    .   (shield currently unavailable)
rNeg     . . .     Faith    .   a - +0 robe
rPois    .         Spirit   .   b - +0 hat
rElec    .         Reflect  .   C - scarf {rC+ rF+}
rCorr    .         Harm     .   (no gloves)
MR       .....                  (no boots)
Stlth    +++.......             (no amulet)
HPRegen  0.22/turn              (no ring)
MPRegen  0.18/turn              (no ring)

@: very slightly contaminated, heavily drained, very slow
A: distributed training, fangs 1, clever 1, screaming 1, strong 1, strong nose
a: Renounce Religion


You were on level 8 of the Dungeon.
You worshipped Vehumet.
Vehumet was aware of your devotion.
You were very hungry.

You visited 2 branches of the dungeon, and saw 9 of its levels.
You also visited: Ossuary.

You collected 510 gold pieces.
You spent 308 gold pieces at shops.

Inventory:

Hand Weapons
 m - a +0 spear
 s - a +7 quarterstaff of chaos (weapon)
 w - a +2 dagger of flaming
 B - a +0 shortbow of flaming
 G - a +2 dagger of draining
Missiles
 p - 160 stones (quivered)
 A - 7 tomahawks
 Q - 159 arrows
Armour
 a - a +0 robe (worn)
 b - a +0 hat (worn)
 q - a +1 cloak
 C - a scarf of resistance (worn)
 D - a +2 ring mail of cold resistance {rC+}
Jewellery
 F - an uncursed ring of flight
Wands
 v - a wand of clouds (4)
Scrolls
 e - 2 scrolls of remove curse
 g - 3 scrolls of enchant armour
 t - 4 scrolls of teleportation
 u - a scroll of noise {unknown}
 y - 2 scrolls of amnesia {unknown}
 J - a scroll of fear {unknown}
Potions
 c - a potion of mutation {!q}
 f - a potion of brilliance {unknown}
 h - a potion of flight
 j - a potion of cancellation
 k - a potion of berserk rage {unknown}
 l - 2 potions of degeneration {!q}
 n - a potion of lignification {unknown}
 o - 5 potions of curing
 r - a potion of agility
 x - 2 potions of resistance
 E - a potion of might
Comestibles
 d - 17 rations


   Skills:
 + Level 4.9(3.4) Fighting
 + Level 4.9(3.4) Short Blades
 + Level 4.9(3.4) Long Blades
 + Level 4.9(3.4) Axes
 + Level 4.9(3.4) Maces & Flails
 + Level 4.9(3.4) Polearms
 + Level 4.9(3.4) Staves
 + Level 4.9(3.4) Slings
 + Level 4.9(3.4) Bows
 + Level 4.9(3.4) Crossbows
 + Level 4.9(3.4) Throwing
 + Level 4.9(3.4) Armour
 + Level 6.8(5.1) Dodging
 + Level 6.5(4.9) Stealth
 + Level 4.9(3.4) Shields
 + Level 4.9(3.4) Unarmed Combat
 + Level 8.8(7.0) Spellcasting
 + Level 4.6(3.1) Conjurations
 + Level 4.1(2.5) Hexes
 + Level 4.1(2.5) Charms
 + Level 4.6(3.1) Summonings
 + Level 4.1(2.5) Necromancy
 + Level 4.6(3.1) Translocations
 + Level 4.1(2.5) Transmutations
 + Level 4.1(2.5) Fire Magic
 + Level 4.1(2.5) Ice Magic
 + Level 4.1(2.5) Air Magic
 + Level 4.1(2.5) Earth Magic
 + Level 4.1(2.5) Poison Magic
   Level 5.4(3.8) Invocations
 + Level 4.9(3.4) Evocations


You had 11 spell levels left.
You knew the following spells:

 Your Spells              Type           Power        Failure   Level  Hunger
a - Magic Dart            Conj           ####         1%          1    None
b - Blink                 Tloc           N/A          2%          2    None
c - Call Imp              Summ           ####....     2%          2    None
d - Conjure Flame         Conj/Fire      ###.....     6%          3    None
e - Ensorcelled Hibernat  Hex/Ice        ###...       3%          2    None
s - Slow                  Hex            ###.....     3%          2    None
x - Mephitic Cloud        Conj/Pois/Air  ###.....     6%          3    None

Your spell library contained the following spells:

 Spells                   Type           Power        Failure   Level  Hunger
 Flame Tongue             Conj/Fire      ###..        1%          1    None
 Confusing Touch          Hex            ###...       2%          1    None
 Corona                   Hex            ###....      2%          1    None
 Gell's Gravitas          Tloc           ####......   5%          3    None
 Confuse                  Hex            ###.....     6%          3    None
 Dazzling Spray           Conj/Hex       ###...       6%          3    None
 Tukima's Dance           Hex            ###.....     6%          3    None
 Petrify                  Tmut/Erth      ###.....     22%         4    ###....
 Metabolic Englaciation   Hex/Ice        ###.......   52%         5    #####..
 Yara's Violent Unravell  Hex/Tmut       ###.......   52%         5    #####..


Dungeon Overview and Level Annotations

Branches:
Dungeon (8/15)             Temple (1/1) D:6
   Lair: D:8-11

Altars:
Ashenzari
Cheibriados
Dithmenos
Elyvilon
Fedhas
Gozag
Hepliaklqana
Kikubaaqudgha
Okawaru
Qazlal
Ru
Sif Muna
Trog
Uskayaw
Vehumet
Wu Jian
Xom
Yredelemnul
The Shining One

Shops:
D:7 *[


Innate Abilities, Weirdness & Mutations

Your experience applies equally to all skills.
You have very sharp teeth.
Your uncanny sense of smell can sniff out nearby items.
Your mind is acute. (Int +2)
You occasionally shout uncontrollably at your foes.
Your muscles are strong. (Str +2)


Message History

The wight misses you.
There is an open door here.
Items here: $ )) ? [[
Aim: a wight, wielding a +5 flail of freezing and wearing a +0 robe (heavily damaged)
Okay, then.
The fire ignites!
The wight misses you.
You now have 19/22 mp.
Unknown command.
Unknown command.
You miscast Call Imp.
You are very lightly contaminated with residual magic.
You feel a strange surge of energy! The wight completely misses you.
You now have 17/22 mp.
A shadowy apparition takes form in the air.
The wight hits you with a +5 flail of freezing!
* * * LOW HITPOINT WARNING * * *
You feel drained.
* * * LOW HITPOINT WARNING * * *
The wight freezes you.
You die...

#...........#....
#......÷....#....
#......#(.....#
#......#(.....##
#......#(........
#......#......#.#
##...(.#5.....# #
####z##......#
#§z@....###
#########


You could see 2 wights and a friendly shadow imp.

Levels and vault maps discovered:
D:1:      scummos_arrival_hexagon, layout_loops_ring, st_stairs_12,
          minmay_box_of_dots
D:2:      layout_basic, minmay_misc_feat_hallway, grunt_gozag_breadcrumbs
D:3:      kennysheep_the_goblin_king, layout_rooms
D:4:      cheibrodos_helix_gallery, layout_basic, old_standard_altar,
          evilmike_ruin_ashenzari
D:5:      layout_gridville, kennysheep_vampire_church, first_ration,
          uniq_crazy_yiuf_cottage
D:6:      layout_basic, overflow_temple_1_default,
          nicolae_overflow_crystal_walls, minmay_temple_entry_trees,
          enter_ossuary_3, basic_altar, portal_sewer_entry_a, uniq_edmund,
          uniq_menkaure, uniq_blork_the_orc, uniq_sigmund
D:7:      layout_gridville, serial_shops, shop_fountains, shop, the_bakery
D:8:      kennysheep_blocky_room, layout_basic
Temple:   dpeg_chambers_temple
Ossuary:  ossuary_zaba_flooded

Notes
Turn   | Place    | Note
-------+----------+-------------------------------------------
     0 | D:1      | Redear the Gnoll Wizard began the quest for the Orb.
     0 | D:1      | Reached XP level 1. HP: 13/13 MP: 8/8
   117 | D:1      | Identified a +0 short sword
   121 | D:1      | Reached skill level 2 in Conjurations
   121 | D:1      | Reached skill level 2 in Summonings
   121 | D:1      | Reached skill level 2 in Translocations
   179 | D:1      | Identified a +0 dagger
   180 | D:1      | Reached XP level 2. HP: 19/19 MP: 8/10
   189 | D:1      | Identified a +0 dagger
   195 | D:1      | Identified a +0 dagger
   357 | D:1      | Identified a +0 club
   362 | D:1      | Identified a +0 spear
   379 | D:1      | Identified a +0 club
   480 | D:1      | Identified a +0 dagger
   484 | D:1      | Identified a +0 club
   623 | D:1      | Identified a +0 club
   624 | D:1      | Reached XP level 3. HP: 25/25 MP: 9/11
   704 | D:1      | Learned a level 2 spell: Blink
   707 | D:1      | Learned a level 2 spell: Call Imp
   711 | D:1      | Learned a level 3 spell: Conjure Flame
   715 | D:1      | Learned a level 3 spell: Mephitic Cloud
   718 | D:1      | Learned a level 2 spell: Slow
   771 | D:2      | Identified a +0 club
   782 | D:2      | Identified a +0 spear (You found it on level 2 of the
                  | Dungeon)
   870 | D:2      | Reached skill level 1 in Invocations
   871 | D:2      | Identified a +0 club
   964 | D:2      | Identified a +0 club
  1004 | D:2      | Identified a +0 club
  1040 | D:2      | Reached skill level 1 in Fighting
  1040 | D:2      | Reached skill level 1 in Short Blades
  1040 | D:2      | Reached skill level 1 in Long Blades
  1040 | D:2      | Reached skill level 1 in Axes
  1040 | D:2      | Reached skill level 1 in Maces & Flails
  1040 | D:2      | Reached skill level 1 in Polearms
  1040 | D:2      | Reached skill level 1 in Staves
  1040 | D:2      | Reached skill level 1 in Slings
  1040 | D:2      | Reached skill level 1 in Bows
  1040 | D:2      | Reached skill level 1 in Crossbows
  1040 | D:2      | Reached skill level 1 in Throwing
  1040 | D:2      | Reached skill level 1 in Armour
  1040 | D:2      | Reached skill level 1 in Shields
  1040 | D:2      | Reached skill level 1 in Unarmed Combat
  1040 | D:2      | Reached skill level 1 in Evocations
  1040 | D:2      | Reached XP level 4. HP: 32/32 MP: 2/13
  1074 | D:2      | Found an opulent altar of Gozag.
  1076 | D:2      | Identified a +0 club
  1078 | D:2      | Identified a +0 halberd
  1166 | D:2      | Identified a +0 club
  1293 | D:2      | Identified a +0 dagger
  1333 | D:2      | Identified a +0 spear
  1333 | D:2      | Identified a +0 ring mail
  1440 | D:2      | Reached skill level 1 in Hexes
  1440 | D:2      | Reached skill level 1 in Charms
  1440 | D:2      | Reached skill level 1 in Necromancy
  1440 | D:2      | Reached skill level 1 in Transmutations
  1440 | D:2      | Reached skill level 1 in Fire Magic
  1440 | D:2      | Reached skill level 1 in Ice Magic
  1440 | D:2      | Reached skill level 1 in Air Magic
  1440 | D:2      | Reached skill level 1 in Earth Magic
  1440 | D:2      | Reached skill level 1 in Poison Magic
  1507 | D:2      | Reached XP level 5. HP: 34/37 MP: 3/14
  1891 | D:3      | Identified a +0 club
  1902 | D:3      | Identified a +0 club
  2001 | D:3      | Identified a +2 dagger of flaming
  2001 | D:3      | Identified a cursed +0 club
  2001 | D:3      | Identified a +0 dagger
  2001 | D:3      | Identified a +0 club
  2001 | D:3      | Identified a +0 leather armour
  2001 | D:3      | Noticed Ijyb
  2073 | D:3      | Identified a +0 dagger
  2271 | D:3      | Identified a +0 club
  2314 | D:3      | Identified a +0 long sword
  2370 | D:3      | Killed Ijyb
  2633 | D:4      | Identified a +0 whip
  2633 | D:4      | Identified a cursed +0 mace
  2633 | D:4      | Identified a +0 chain mail
  2633 | D:4      | Identified a +0 club
  2633 | D:4      | Identified a +0 leather armour
  2634 | D:4      | Identified a +0 hand axe
  2634 | D:4      | Identified a +0 scale mail
  2734 | D:4      | Found a shattered altar of Ashenzari.
  2988 | D:4      | Reached XP level 6. HP: 44/44 MP: 10/16
  3081 | D:4      | Reached skill level 2 in Invocations
  3096 | D:4      | Identified a +0 flail
  3111 | D:4      | Identified a +0 giant club
  3146 | D:4      | Reached skill level 2 in Fighting
  3146 | D:4      | Reached skill level 2 in Short Blades
  3146 | D:4      | Reached skill level 2 in Long Blades
  3146 | D:4      | Reached skill level 2 in Axes
  3146 | D:4      | Reached skill level 2 in Maces & Flails
  3146 | D:4      | Reached skill level 2 in Polearms
  3146 | D:4      | Reached skill level 2 in Staves
  3146 | D:4      | Reached skill level 2 in Slings
  3146 | D:4      | Reached skill level 2 in Bows
  3146 | D:4      | Reached skill level 2 in Crossbows
  3146 | D:4      | Reached skill level 2 in Throwing
  3146 | D:4      | Reached skill level 2 in Armour
  3146 | D:4      | Reached skill level 5 in Dodging
  3146 | D:4      | Reached skill level 2 in Shields
  3146 | D:4      | Reached skill level 2 in Unarmed Combat
  3146 | D:4      | Reached skill level 2 in Evocations
  3216 | D:4      | Noticed a phantom
  3311 | D:4      | Killed a phantom
  3311 | D:4      | Reached XP level 7. HP: 24/50 MP: 7/18
  3487 | D:4      | Identified a +0 hand axe
  3497 | D:4      | Identified a +0 trident
  3497 | D:4      | Identified a cursed +0 ring mail
  3502 | D:4      | Identified a +0 dagger
  3502 | D:4      | Identified a +0 robe
  3634 | D:4      | Identified a +0 giant club
  3634 | D:4      | Identified a +0 leather armour
  3634 | D:4      | Identified a +0 short sword
  3634 | D:4      | Identified a +0 ring mail
  3634 | D:4      | Identified a +0 dagger
  3634 | D:4      | Identified a +0 robe
  3637 | D:4      | Identified a +0 flail
  3637 | D:4      | Identified a +0 chain mail
  3637 | D:4      | Identified a +0 dagger
  3637 | D:4      | Identified a +0 robe
  3690 | D:3      | Reached skill level 2 in Hexes
  3690 | D:3      | Reached skill level 2 in Charms
  3690 | D:3      | Reached skill level 2 in Necromancy
  3690 | D:3      | Reached skill level 2 in Transmutations
  3690 | D:3      | Reached skill level 2 in Fire Magic
  3690 | D:3      | Reached skill level 2 in Ice Magic
  3690 | D:3      | Reached skill level 2 in Air Magic
  3690 | D:3      | Reached skill level 2 in Earth Magic
  3690 | D:3      | Reached skill level 2 in Poison Magic
  4046 | D:4      | Reached skill level 3 in Conjurations
  4046 | D:4      | Reached skill level 3 in Summonings
  4046 | D:4      | Reached skill level 3 in Translocations
  4065 | D:4      | Found a snail-covered altar of Cheibriados.
  4076 | D:4      | Became a worshipper of Cheibriados the Contemplative
  4263 | D:5      | Entered Level 5 of the Dungeon
  4330 | D:5      | Identified 6 scrolls of identify
  4330 | D:5      | Identified 2 potions of mutation
  4331 | D:5      | Identified 2 potions of curing
  4332 | D:5      | Identified 2 scrolls of blinking
  4333 | D:5      | Identified a potion of flight
  4334 | D:5      | Identified 2 scrolls of teleportation
  4335 | D:5      | Identified a potion of cancellation
  4337 | D:5      | Gained mutation: You occasionally shout uncontrollably at
                  | your foes. [potion of mutation]
  4337 | D:5      | Gained mutation: Your muscles are strong. (Str +2) [potion
                  | of mutation]
  4337 | D:5      | Gained mutation: Your mind is acute. (Int +2) [potion of
                  | mutation]
  4541 | D:5      | Noticed a yak
  4543 | D:5      | Noticed a yak
  4545 | D:5      | Noticed a yak
  4545 | D:5      | Noticed a yak
  4547 | D:5      | Noticed a yak
  4547 | D:5      | Noticed a yak
  4555 | D:5      | Killed a yak
  4555 | D:5      | Reached skill level 5 in Stealth
  4555 | D:5      | Reached skill level 3 in Invocations
  4841 | D:5      | Killed a yak
  4841 | D:5      | Reached XP level 8. HP: 19/57 MP: 5/19
  4842 | D:5      | Killed a yak
  4842 | D:5      | Reached skill level 3 in Fighting
  4842 | D:5      | Reached skill level 3 in Short Blades
  4842 | D:5      | Reached skill level 3 in Long Blades
  4842 | D:5      | Reached skill level 3 in Axes
  4842 | D:5      | Reached skill level 3 in Maces & Flails
  4842 | D:5      | Reached skill level 3 in Polearms
  4842 | D:5      | Reached skill level 3 in Staves
  4842 | D:5      | Reached skill level 3 in Slings
  4842 | D:5      | Reached skill level 3 in Bows
  4842 | D:5      | Reached skill level 3 in Crossbows
  4842 | D:5      | Reached skill level 3 in Throwing
  4842 | D:5      | Reached skill level 3 in Armour
  4842 | D:5      | Reached skill level 3 in Shields
  4842 | D:5      | Reached skill level 3 in Unarmed Combat
  4842 | D:5      | Reached skill level 3 in Evocations
  4846 | D:5      | Killed a yak
  4849 | D:5      | Killed a yak
  4849 | D:5      | Reached skill level 8 in Spellcasting
  4850 | D:5      | Killed a yak
  5313 | D:5      | Identified a +0 hand axe
  5313 | D:5      | Identified a +0 ring mail
  5313 | D:5      | Identified a +0 flail
  5319 | D:5      | Identified a +0 hand axe
  5321 | D:5      | Identified a +0 flail
  5321 | D:5      | Identified a +0 ring mail
  5322 | D:5      | Identified a +0 flail
  5359 | D:5      | Reached * piety under Cheibriados
  5405 | D:5      | Reached skill level 4 in Invocations
  5406 | D:5      | Identified a +0 hand axe
  5497 | D:5      | Found an ancient bone altar of Kikubaaqudgha.
  5513 | D:5      | Reached skill level 3 in Hexes
  5513 | D:5      | Reached skill level 3 in Charms
  5513 | D:5      | Reached skill level 3 in Necromancy
  5513 | D:5      | Reached skill level 3 in Transmutations
  5513 | D:5      | Reached skill level 3 in Fire Magic
  5513 | D:5      | Reached skill level 3 in Ice Magic
  5513 | D:5      | Reached skill level 3 in Air Magic
  5513 | D:5      | Reached skill level 3 in Earth Magic
  5513 | D:5      | Reached skill level 3 in Poison Magic
  5622 | D:5      | Found a runed translucent door.
  5623 | D:5      | Identified a +3 quarterstaff of chaos
  5623 | D:5      | Identified a +1 cloak
  5623 | D:5      | Noticed Crazy Yiuf
  5801 | D:5      | Killed Crazy Yiuf
  5801 | D:5      | Reached XP level 9. HP: 65/65 MP: 6/21
  5873 | D:6      | Identified 2 scrolls of enchant weapon
  5885 | D:6      | Noticed Menkaure
  5887 | D:6      | Found a sand-covered staircase.
  5898 | D:6      | Redear: ??penance
  5898 | D:6      | beem: penance[1/3]: With every god (not just yours), you
                  | have a penance number, which can be increased for long-term
                  | punishment. For every 1% of an XL you gain, there's a 10%
                  | chance of any particular god angry at you attempting divine
                  | retribution in the next 200 aut (on average); you then lose
                  | 1d3 points of penance for that god.
  5902 | D:6      | Killed Menkaure
  5902 | D:6      | Reached skill level 6 in Dodging
  5903 | D:6      | Was placed under penance by Cheibriados
  5904 | D:6      | Was forgiven by Cheibriados
  5935 | Ossuary  | Entered an ossuary
  6040 | Ossuary  | Fell from the grace of Cheibriados
  6346 | Ossuary  | Reached skill level 4 in Fighting
  6346 | Ossuary  | Reached skill level 4 in Short Blades
  6346 | Ossuary  | Reached skill level 4 in Long Blades
  6346 | Ossuary  | Reached skill level 4 in Axes
  6346 | Ossuary  | Reached skill level 4 in Maces & Flails
  6346 | Ossuary  | Reached skill level 4 in Polearms
  6346 | Ossuary  | Reached skill level 4 in Staves
  6346 | Ossuary  | Reached skill level 4 in Slings
  6346 | Ossuary  | Reached skill level 4 in Bows
  6346 | Ossuary  | Reached skill level 4 in Crossbows
  6346 | Ossuary  | Reached skill level 4 in Throwing
  6346 | Ossuary  | Reached skill level 4 in Armour
  6346 | Ossuary  | Reached skill level 4 in Shields
  6346 | Ossuary  | Reached skill level 4 in Unarmed Combat
  6346 | Ossuary  | Reached skill level 4 in Conjurations
  6346 | Ossuary  | Reached skill level 4 in Summonings
  6346 | Ossuary  | Reached skill level 4 in Translocations
  6346 | Ossuary  | Reached skill level 4 in Evocations
  6827 | D:6      | Found an ornate altar of the Wu Jian Council.
  6830 | D:6      | Found a stormy altar of Qazlal.
  6846 | D:6      | Identified a +0 flail of protection
  6846 | D:6      | Identified a +2 ring mail of cold resistance
  6846 | D:6      | Noticed Edmund
  6856 | D:6      | Edmund changed into Edmund the shapeshifter
  6856 | D:6      | Noticed Edmund
  6856 | D:6      | Edmund the shapeshifter changed into Edmund the jumping
                  | spider
  6860 | D:6      | Killed Edmund the jumping spider
  6860 | D:6      | Reached skill level 6 in Stealth
  6888 | D:6      | Found a glowing golden altar of the Shining One.
  6953 | D:6      | Found a staircase to the Ecumenical Temple.
  6969 | Temple   | Entered the Ecumenical Temple
  7228 | Temple   | Became a worshipper of Vehumet
  7296 | D:6      | Identified a +1 scimitar of holy wrath
  7296 | D:6      | Identified a +0 robe
  7296 | D:6      | Noticed Blork the orc
  7307 | D:6      | Killed Blork the orc
  7384 | D:6      | Identified a +0 scythe
  7384 | D:6      | Identified a +0 robe
  7384 | D:6      | Noticed Sigmund
  7393 | D:6      | Killed Sigmund
  7834 | D:7      | Identified a +0 dagger
  7834 | D:7      | Identified a +0 club
  7834 | D:7      | Identified a +0 dagger
  7834 | D:7      | Identified a +0 robe
  7859 | D:7      | Identified a +0 giant club
  7919 | D:7      | Identified a +0 shortbow of flaming
  7998 | D:7      | Noticed an ice devil
  7998 | D:7      | Identified a +0 trident
  7998 | D:7      | Noticed a red devil
  8001 | D:7      | Found Lottuy's Antique Armour Boutique.
  8007 | D:7      | Bought a runed scarf for 256 gold pieces
  8017 | D:7      | Identified a scarf of resistance (You bought it in a shop
                  | on level 7 of the Dungeon)
  8037 | D:7      | Identified 3 scrolls of remove curse
  8038 | D:7      | Identified 2 potions of degeneration
  8039 | D:7      | Identified 3 scrolls of enchant armour
  8040 | D:7      | Identified 2 potions of heal wounds
  8196 | D:7      | Reached skill level 5 in Invocations
  8206 | D:7      | Found Xaytappo's General Store.
  8217 | D:7      | Bought a potion of might for 52 gold pieces
  8240 | D:7      | Identified a +0 shortbow
  8240 | D:7      | Identified a +0 flail
  8242 | D:7      | Identified a +0 club
  8242 | D:7      | Identified a +0 ring mail
  8242 | D:7      | Identified a +0 short sword
  8242 | D:7      | Identified a +0 ring mail
  8248 | D:7      | Identified a +0 dagger
  8248 | D:7      | Identified a +0 robe
  8254 | D:7      | HP: 15/66 [orc/tomahawk (7)]
  8296 | D:7      | HP: 15/66 [poisoned by the meddling of Cheibriados
                  | (residual poison)]
  8301 | D:7      | HP: 10/66 [poisoned by the meddling of Cheibriados
                  | (residual poison)]
  8306 | D:7      | HP: 8/66 [poisoned by the meddling of Cheibriados (residual
                  | poison)]
  8311 | D:7      | HP: 6/66 [poisoned by the meddling of Cheibriados (residual
                  | poison)]
  8317 | D:7      | HP: 6/66 [poisoned by the meddling of Cheibriados (residual
                  | poison)]
  8325 | D:7      | HP: 5/66 [poisoned by the meddling of Cheibriados (residual
                  | poison)]
  8366 | D:7      | Identified a +0 dagger
  8366 | D:7      | Identified a +0 robe
  8368 | D:7      | Identified a +0 trident
  8374 | D:7      | Identified a +0 flail
  8374 | D:7      | HP: 9/66 [orc/tomahawk (6)]
  8461 | D:7      | Identified a +0 dagger
  8461 | D:7      | Identified a +0 robe
  8473 | D:7      | Reached XP level 10. HP: 42/73 MP: 11/22
  8720 | D:7      | Reached * piety under Vehumet
  8720 | D:7      | Offered knowledge of Flame Tongue by Vehumet.
  8854 | D:8      | Learned a level 2 spell: Ensorcelled Hibernation
  8883 | D:8      | Identified a +0 dagger
  8883 | D:8      | Identified a +0 robe
  8897 | D:8      | Identified a +0 flail
  8898 | D:8      | Identified a +2 dagger of draining
  8898 | D:8      | Identified a +0 dagger
  8898 | D:8      | Identified a +0 robe
  8898 | D:8      | Identified a +0 mace
  8901 | D:8      | Identified a +0 club
  8928 | D:8      | Identified a +0 short sword
  8928 | D:8      | Identified a +0 chain mail
  8940 | D:8      | Reached skill level 4 in Hexes
  8940 | D:8      | Reached skill level 4 in Charms
  8940 | D:8      | Reached skill level 4 in Necromancy
  8940 | D:8      | Reached skill level 4 in Transmutations
  8940 | D:8      | Reached skill level 4 in Fire Magic
  8940 | D:8      | Reached skill level 4 in Ice Magic
  8940 | D:8      | Reached skill level 4 in Air Magic
  8940 | D:8      | Reached skill level 4 in Earth Magic
  8940 | D:8      | Reached skill level 4 in Poison Magic
  8986 | D:8      | Identified a +0 spear
  8986 | D:8      | Identified a +0 scale mail
  9038 | D:8      | Identified a ring of flight (You found it on level 8 of the
                  | Dungeon)
  9039 | D:8      | Identified a ring of attention (You found it on level 8 of
                  | the Dungeon)
  9042 | D:8      | Identified 2 potions of resistance
  9043 | D:8      | Identified a potion of agility
  9400 | D:8      | Identified a cursed +0 morningstar
  9400 | D:8      | Identified a +0 robe
  9407 | D:8      | Identified a +3 great sword
  9407 | D:8      | Identified a +0 robe
  9410 | D:8      | Identified a +3 trident
  9410 | D:8      | Identified a +0 hunting sling
  9410 | D:8      | Identified a +0 robe
  9411 | D:8      | Identified a +5 flail of freezing
  9411 | D:8      | Identified a +0 robe
  9432 | D:8      | HP: 18/73 [wight/+3 trident (12)]
  9453 | D:8      | HP: 17/73 [wight/stone (2)]
  9454 | D:8      | HP: 7/73 [wight/+5 flail of freezing (10)]
  9466 | D:8      | HP: 8/73 [wight/+5 flail of freezing (17)]
  9466 | D:8      | HP: 2/73 [wight/+5 flail of freezing (6)]
  9466 | D:8      | Slain by a wight

Table legend:
 A = Turns spent in this place as a percentage of turns spent in the entire game.
 B = Non-inter-level travel turns spent in this place as a percentage of non-inter-level travel turns spent in the entire game.
 C = Inter-level travel turns spent in this place as a percentage of turns spent in this place.
 D = Turns resting spent in this place as a percentage of non-inter-level travel turns spent in this place.
 E = Turns spent auto-exploring this place as a percentage of non-inter-level travel turns spent in this place.
 F = Non-inter-level travel turns spent in this place divided by the number of levels of this place that you've seen.
                   A       B       C       D       E      F
               +-------+-------+-------+-------+-------+----------------------
         Total | 100.0 | 100.0 |   2.8 |  26.1 |  38.8 | 920.2
       Dungeon |  88.1 |  88.4 |   2.4 |  23.8 |  40.5 | 1017.2
        Temple |   3.0 |   2.4 |  22.6 |   0.0 |  91.0 | 222.0
       Ossuary |   8.9 |   9.2 |   0.0 |  54.9 |   8.4 | 842.0
               +-------+-------+-------+-------+-------+----------------------

Table legend:
 A = Kills in this place as a percentage of kills in entire the game.
 B = Kills by you in this place as a percentage of kills by you in the entire game.
 C = Kills by friends in this place as a percentage of kills by friends in the entire game.
 D = Other kills in this place as a percentage of other kills in the entire game.
 E = Experience gained in this place as a percentage of experience gained in the entire game.
 F = Experience gained in this place divided by the number of levels of this place that you have seen.
                   A       B       C       D       E      F
               +-------+-------+-------+-------+-------+----------------------
         Total | 100.0 | 100.0 | 100.0 | 100.0 | 100.0 | 547.8
       Dungeon |  89.0 |  88.8 |  90.3 | 100.0 |  90.7 | 621.2
       Ossuary |  11.0 |  11.2 |   9.7 |   0.0 |   9.3 | 508.0
               +-------+-------+-------+-------+-------+----------------------

Skill      XL: |  1  2  3  4  5  6  7  8  9 10 |
---------------+-------------------------------+-----
Conjurations   | 2 3 4 |  4.6
Summonings     | 2 3 4 |  4.6
Translocations | 2 3 4 |  4.6
Invocations    | 1 2 3 4 5 |  5.4
Fighting       | 1 2 3 4 |  4.9
Short Blades   | 1 2 3 4 |  4.9
Long Blades    | 1 2 3 4 |  4.9
Axes           | 1 2 3 4 |  4.9
Maces & Flails | 1 2 3 4 |  4.9
Polearms       | 1 2 3 4 |  4.9
Staves         | 1 2 3 4 |  4.9
Slings         | 1 2 3 4 |  4.9
Bows           | 1 2 3 4 |  4.9
Crossbows      | 1 2 3 4 |  4.9
Throwing       | 1 2 3 4 |  4.9
Armour         | 1 2 3 4 |  4.9
Shields        | 1 2 3 4 |  4.9
Unarmed Combat | 1 2 3 4 |  4.9
Evocations     | 1 2 3 4 |  4.9
Hexes          | 1 2 3 4 |  4.1
Charms         | 1 2 3 4 |  4.1
Necromancy     | 1 2 3 4 |  4.1
Transmutations | 1 2 3 4 |  4.1
Fire Magic     | 1 2 3 4 |  4.1
Ice Magic      | 1 2 3 4 |  4.1
Air Magic      | 1 2 3 4 |  4.1
Earth Magic    | 1 2 3 4 |  4.1
Poison Magic   | 1 2 3 4 |  4.1
Dodging        | 5 6 |  6.8
Stealth        | 5 6 |  6.5
Spellcasting   | 8 |  8.8

Action                   |  1- 3 |  4- 6 |  7- 9 | 10-12 || total
-------------------------+-------+-------+-------+-------++-------
Melee: Unarmed           |     4 |       |       |       ||     4
       Spear             |    29 |   197 |    25 |       ||   251
       Bite              |     1 |     6 |    32 |     4 ||    43
       Dagger            |       |       |   102 |       ||   102
       Punch             |       |       |     2 |       ||     2
       Quarterstaff      |       |       |   136 |    46 ||   182
 Cast: Magic Dart        |    72 |    92 |   115 |    46 ||   325
       Conjure Flame     |     1 |    10 |     9 |     1 ||    21
       Call Imp          |       |    10 |    93 |    14 ||   117
       Blink             |       |     7 |     5 |     3 ||    15
       Mephitic Cloud    |       |     6 |     6 |     2 ||    14
       Slow              |       |     2 |       |       ||     2
Evoke: Wand              |       |     1 |     1 |       ||     2
  Use: Scroll            |       |       |    19 |     4 ||    23
       Potion            |       |       |     2 |     1 ||     3
 Stab: Sleeping          |       |     1 |     5 |       ||     6
       Confused          |       |       |     3 |       ||     3
       Distracted        |       |       |     4 |     1 ||     5
       Paralysed         |       |       |     1 |       ||     1
       Petrifying        |       |       |       |     1 ||     1
  Eat: Chunk             |       |     7 |    15 |     5 ||    27
       Ration            |       |       |     1 |       ||     1
Armor: Robe              |     2 |    20 |    22 |     1 ||    45
Dodge: Dodged            |    24 |    98 |   230 |    55 ||   407

Vanquished Creatures
  A jumping spider (shapeshifter) (D:6)
  Sigmund (D:6)
  A spriggan (D:7)
  6 yaks (D:5)
  A hungry ghost (D:8)
  Menkaure (D:6)
  An orc warrior (D:8)
  A phantom (D:4)
  2 ogres
  An ice beast (D:7)
  Blork the orc (D:6)
  A gnoll sergeant (D:8)
  2 bullfrogs (D:8)
  A vampire bat (D:5)
  2 wights (D:8)
  A bullfrog zombie (D:8)
  4 hounds
  A jelly (D:6)
  5 orc wizards
  Crazy Yiuf (D:5)
  6 worker ants
  2 iguanas
  Ijyb (D:3)
  A killer bee zombie (D:7)
  A hound zombie (Ossuary)
  14 mummies (Ossuary)
  2 worker ant zombies (Ossuary)
  A howler monkey zombie (Ossuary)
  5 gnolls (D:2)
  9 adders
  2 river rats (D:6)
  2 shadow imps
  A worm zombie (D:6)
  2 adder skeletons
  3 adder zombies (Ossuary)
  2 worms
  8 leopard geckos
  21 orcs
  2 bat skeletons (D:5)
  2 bat zombies (D:5)
  8 giant cockroaches
  9 goblins
  8 hobgoblins
  8 jackals
  3 quokkas
  7 ball pythons
  6 bats
  5 frilled lizards
  A giant cockroach zombie (Ossuary)
  A goblin zombie (D:6)
  9 kobolds
  3 quokka skeletons
  6 rats
  A rat zombie (D:6)
197 creatures vanquished.

Vanquished Creatures (collateral kills)
  An ogre (D:3)
  2 centaurs (D:7)
  A bullfrog (D:6)
  A vampire bat (D:5)
  A crimson imp (D:5)
  A hound (D:5)
  An iguana (D:4)
  A mummy (Ossuary)
  3 orc wizards
  A hound zombie (Ossuary)
  2 worker ant zombies
  A gnoll (D:2)
  A worm (D:5)
  8 orcs
  A bat skeleton (D:5)
  A giant cockroach (D:7)
  2 goblins (D:3)
  A frilled lizard (D:2)
  A rat (D:2)
31 creatures vanquished.

Vanquished Creatures (others)
  A withered plant (Ossuary)
1 creature vanquished.

Grand Total: 229 creatures vanquished
